 Dungeon Crawl Stone Soup version 0.28-a0-969-g2dcde036d2 (webtiles) character file.

Game seed: 4305613322969823061

283 HessuHobo the Covered (level 6, -1/48 HPs)
             Began as a Human Fighter on Dec 1, 2021.
             Was an Initiate of the Shining One.
             Slain by an iguana (2 damage)
             ... on level 5 of the Dungeon.
             The game lasted 00:11:21 (7170 turns).

HessuHobo the Covered (Human Fighter)               Turns: 7170, Time: 00:11:22

Health: -1/48      AC:  9    Str: 19    XL:     6   Next: 54%
Magic:  6/6        EV:  7    Int:  8    God:    the Shining One [......]
Gold:   229        SH:  5    Dex: 12    Spells: 5/5 levels left

rFire   . . .      SeeInvis .   q - +0 short sword
rCold   . . .      Faith    .   c - +0 buckler
rNeg    . . .      Spirit   .   m - +0 chain mail
rPois   .          Reflect  .   (no helmet)
rElec   .          Harm     .   (no cloak)
rCorr   .          Rampage  .   (no gloves)
Will    .....                   (no boots)
Stlth   ..........              (no amulet)
HPRegen 0.16/turn               (no ring)
MPRegen 0.10/turn               (no ring)

@: glowing
A: no striking features
a: Renounce Religion


You were on level 5 of the Dungeon.
You worshipped the Shining One.
The Shining One was noncommittal.
You visited 1 branch of the dungeon, and saw 5 of its levels.

You collected 229 gold pieces.

Inventory:

Hand Weapons
 a - a +0 rapier
 q - a +0 short sword (weapon)
 r - a +2 whip of draining
Missiles
 i - 52 stones (quivered)
Armour
 b - a +0 scale mail
 c - a +0 buckler (worn)
 m - a +0 chain mail (worn)
 o - a +0 ring mail
Jewellery
 p - a ring of magical power
Wands
 f - a wand of acid (8)
 j - a wand of charming (2)
Scrolls
 e - 2 scrolls of magic mapping
 s - 2 scrolls of blinking {unknown}
Potions
 d - a potion of haste
 g - a potion of degeneration {unknown}
 h - a potion of brilliance {unknown}
 k - a potion of magic {unknown}
 l - 2 potions of flight
 n - a potion of lignification {unknown}
 t - a potion of curing {unknown}


   Skills:
 + Level 4.1 Fighting
 + Level 3.1 Short Blades
 - Level 1.0 Maces & Flails
 + Level 4.2 Armour
 + Level 4.1 Shields
 + Level 1.3 Evocations


You had 5 spell levels left.
You didn't know any spells.
Your spell library contained the following spells:

 Spells                   Type           Power      Damage    Failure   Level
 Sublimation of Blood     Necr           0%         N/A       100%        2
 Wereblood                Tmut           0%         N/A       100%        2
 Summon Hydra             Summ           0%         N/A       100%        7


Dungeon Overview and Level Annotations

Branches:
Dungeon (5/15)
 Temple: D:4-7

Altars:
The Shining One

Annotations:
D:4 Blork the orc
D:5 1 runed translucent door, Crazy Yiuf, Grinder


Message History

The iguana bites you.
Okay, then.
Okay, then.
You hit the iguana.
The iguana is heavily wounded.
The iguana bites you but does no damage.
You hit the iguana.
The iguana is heavily wounded.
You block the iguana's attack.
You hit the iguana.
The iguana is severely wounded.
You block the iguana's attack.
You hit the iguana but do no damage.
The iguana is severely wounded.
The iguana closely misses you.
You closely miss the iguana.
The iguana is severely wounded.
You block the iguana's attack.
You closely miss the iguana.
The iguana is severely wounded.
The iguana barely misses you.
Your chain mail prevents you from hitting the iguana.
The iguana is severely wounded.
The iguana bites you!
You hit the iguana but do no damage.
The iguana is severely wounded.
The iguana bites you.
* * * LOW HITPOINT WARNING * * *
You hit the iguana.
The iguana is almost dead.
The iguana bites you.
* * * LOW HITPOINT WARNING * * *
You closely miss the iguana.
The iguana is almost dead.
The iguana bites you.
* * * LOW HITPOINT WARNING * * *
You hit the iguana.
The iguana is almost dead.
The iguana bites you.
You die...

### ###)#).....#
#######..# #..#
####### ###..#
##.....#####....#
.................#
######.###.##..?.#
#.# #.##....###
#@# #..#.......
##l####<#........
#..........##....
#.#####.<..# ....
... ####.......
#..# ..#... ....
..... ##... ...
#... ....


You could see an iguana.

Vanquished Creatures
  2 hounds
  Natasha (thrice) (D:3)
  A hound skeleton (D:4)
  5 adders
  An adder skeleton (D:3)
  5 worms
  2 dart slugs
  5 orcs (D:3)
  5 endoplasms
  2 giant cockroaches
  8 goblins
  7 hobgoblins
  2 kobolds
  2 quokkas (D:1)
  4 ball pythons
  4 bats
  6 frilled lizards
  6 rats
70 creatures vanquished.

Vanquished Creatures (others)
  A fungus (D:1)
  A plant (D:1)
2 creatures vanquished.

Grand Total: 72 creatures vanquished

Notes
Turn   | Place    | Note
-------+----------+-------------------------------------------
     0 | D:1      | HessuHobo the Human Fighter began the quest for the Orb.
     0 | D:1      | Reached XP level 1. HP: 18/18 MP: 1/1
   716 | D:1      | You fall into a shaft and drop 1 floor!
   774 | D:1      | Reached XP level 2. HP: 11/24 MP: 2/2
   999 | D:1      | Found a faded altar of an unknown god.
  2175 | D:2      | Reached XP level 3. HP: 19/29 MP: 3/3
  3700 | D:2      | Reached XP level 4. HP: 9/35 MP: 4/4
  4923 | D:3      | Found a glowing drain.
  4926 | D:3      | Noticed Natasha
  4942 | D:4      | Noticed Blork the orc
  4942 | D:4      | Found a glowing golden altar of the Shining One.
  4994 | D:4      | Reached XP level 5. HP: 14/42 MP: 5/5
  6010 | D:3      | Killed Natasha
  6030 | D:3      | Noticed Natasha
  6041 | D:3      | Killed Natasha
  6042 | D:3      | Reached XP level 6. HP: 37/48 MP: 6/6
  6148 | D:3      | Noticed Natasha
  6172 | D:3      | Killed Natasha
  6173 | D:3      | Reached skill level 1 in Maces & Flails
  6173 | D:3      | Reached skill level 1 in Evocations
  6483 | D:4      | Became a worshipper of the Shining One
  6704 | D:5      | Entered Level 5 of the Dungeon
  6704 | D:5      | Noticed Grinder
  6877 | D:5      | Found a runed translucent door.
  6878 | D:5      | Noticed Crazy Yiuf
  7169 | D:5      | HP: 1/48 [iguana (6)]
  7170 | D:5      | Slain by an iguana

Illustrated notes

Levels and vault maps discovered:
D:1:      mrwooster_arrival_statue_2, layout_loops_ring,
          shapermc_ecumenical_altar_mp_ritualfount, hangedman_glass_teeth,
          minmay_quantized
D:2:      layout_basic
D:3:      layout_basic, cheibrodos_sewer_entry_drain,
          nicolae_concentric_dashed_squares_mild, nicolae_figureground_sparkle,
          uniq_natasha
D:4:      layout_basic, old_standard_altar, minmay_temple_entry_antechambers,
          uniq_blork_the_orc
D:5:      layout_rooms, nicolae_overflow_hallway_of_the_gods,
          gammafunk_ghost_cemetery, uniq_crazy_yiuf_cottage, uniq_ijyb,
          uniq_grinder

Skill      XL: |  1  2  3  4  5  6 |
---------------+-------------------+-----
Short Blades   | 3 |  3.1
Armour         | 4 |  4.2
Shields        | 4 |  4.1
Fighting       | 4 |  4.1
Maces & Flails | 1 |  1.0
Evocations     | 1 |  1.3

Action                   |  1- 3 |  4- 6 || total
-------------------------+-------+-------++-------
Melee: Rapier            |   106 |    21 ||   127
       Short sword       |       |   173 ||   173
       Whip              |       |    46 ||    46
Throw: Stone             |    44 |       ||    44
  Use: Potion            |     1 |       ||     1
       Scroll            |       |     5 ||     5
Armor: Scale mail        |    43 |    17 ||    60
       Chain mail        |       |    71 ||    71
Dodge: Dodged            |    52 |    69 ||   121
Block: Buckler           |    15 |    48 ||    63

Table legend: (Time is in decaauts)
 A = Elapsed time spent in this place.
 B = Non-inter-level travel time spent in this place.
 C = Inter-level travel time spent in this place.
 D = Time resting spent in this place.
 E = Time spent auto-exploring this place.
 F = Levels seen in this place.
 G = Mean time per level.
                   A        B        C        D        E       F      G
               +--------+--------+--------+--------+--------+-----+--------+
         Total |   7190 |   7083 |    107 |   3816 |   1509 |   5 | 1438.0 |
       Dungeon |   7190 |   7083 |    107 |   3816 |   1509 |   5 | 1438.0 |
               +--------+--------+--------+--------+--------+-----+--------+

Top non-repeatable levels by time:
     D:2: 3026 daAuts
     D:1: 1747 daAuts
     D:3: 1055 daAuts
     D:4: 899 daAuts
     D:5: 461 daAuts
